 Dungeon Crawl Stone Soup version 0.31.0-9-g3a7656b989 (webtiles) character file.

Game seed: 739299768446309291

977 Chiseanne the Trooper (level 7, -2/56 HPs)
             Began as a Demonspawn Shapeshifter on Feb 3, 2024.
             Slain by Menkaure (10 damage)
             ... on level 4 of the Dungeon.
             The game lasted 00:09:00 (4109 turns).

Chiseanne the Trooper (Demonspawn Shapeshifter)     Turns: 4109, Time: 00:09:01

Health: -2/56      AC:  4    Str: 14    XL:     7   Next: 95%
Magic:  7/7        EV:  9    Int: 10    God:
Gold:   147        SH: 13    Dex: 15    Spells: 6/6 levels left

rFire   + .          .
                       - Unarmed
rCold   . . .        s - +1 tower shield
rNeg    . . .        b - +2 robe {rF+}
rPois   .            (helmet currently unavailable)
rElec   .            (cloak currently unavailable)
rCorr   +            (gloves currently unavailable)
SInv    .            (boots currently unavailable)
Will    .....        (no amulet)
Stlth   +            h - ring of wizardry
HPRegen 0.29/turn    q - ring of resist corrosion
MPRegen 0.10/turn

%: wizardry (x1)
@: beast-form
A: beast (slay +2), antennae 1, ignite blood 1, weakness stinger 1
a: Begin Untransformation


You were on level 4 of the Dungeon.
You were a hulking beast.
You visited 2 branches of the dungeon, and saw 5 of its levels.
You also visited: Sewer.

You collected 147 gold pieces.

Inventory:

Missiles
 k - 11 stones (quivered)
 r - 6 boomerangs
 u - 3 darts of dispersal
Armour
 b - a +2 robe of fire resistance (worn)
 g - a +0 pair of boots
 s - a +1 tower shield (worn)
Jewellery
 h - a ring of wizardry (left hand)
 q - a ring of resist corrosion (right hand)
 t - a ring of ice
Talismans
 c - a beast talisman (active)
 d - a flux talisman
Scrolls
 e - a scroll of enchant armour
 o - a scroll of fear
 p - a scroll of revelation
Potions
 a - a potion of brilliance {unknown}
 f - a potion of mutation {unknown}
 i - a potion of invisibility {unknown}
 j - a potion of cancellation {unknown}
 l - a potion of heal wounds {unknown}
 m - 3 potions of resistance
 n - a potion of experience {unknown}


   Skills:
 * Level 5.1 Fighting
 * Level 4.8 Dodging
 * Level 1.9 Shields
 - Level 2.6 Unarmed Combat
 * Level 5.0 Shapeshifting


You had 6 spell levels left.
You didn't know any spells.
Your spell library contained the following spells:

 Spells                   Type           Power      Damage    Failure   Level
 Tukima's Dance           Hex            0%         N/A       99%         3
 Passage of Golubria      Tloc           0%         N/A       100%        4
 Yara's Violent Unravell  Hex/Alch       0%         3d3       100%        5


Dungeon Overview and Level Annotations

Branches:
Dungeon (4/15)             Temple (1/1) D:4           Sewer (visited)

Altars:
Ashenzari
Dithmenos
Kikubaaqudgha
Makhleb
Okawaru
Qazlal
Ru
Trog
Uskayaw
Vehumet
Wu Jian
Xom
Yredelemnul

Shops:
D:4 *?

Annotations:
D:4 Menkaure


Innate Abilities, Weirdness & Mutations

You are a hulking beast.
Your limbs bulge with bestial killing power. (Slay +2)
You have a pair of small antennae on your head.
Your demonic aura sometimes causes spilled blood to erupt in flames.
You have a small tail.


Message History

You kill the jackal!
The goblin hits you but does no damage.
You see here a jackal corpse.
You barely miss the goblin.
Your tail-slap misses the goblin.
The goblin hits you but does no damage. You block the goblin's attack.
The jackal barks!
You hit the goblin.
You kill the goblin!
The jackal bites you but does no damage.
You see here a +0 dagger.
You punch the jackal!
You kill the jackal!
You see here a jackal corpse.
The bullfrog gives a loud, deep croak!
The bullfrog releases a deep croak.
The hobgoblin shouts!
You hear a shout!
You hear an angry hiss.
You open the door.
Menkaure, Prince of Dust comes into view.
Menkaure shouts!
Found a scroll of identify.
There is an open door here.
You barely miss Menkaure. Menkaure casts a spell at you.
Pain shoots through your body!
You hit Menkaure but do no damage.
Your tail-slap misses Menkaure.
Menkaure hits you!
You hit Menkaure but do no damage.
Menkaure points at you and mumbles some strange words.
You struggle to resist.
You completely miss Menkaure. Menkaure hits you!
You hit Menkaure. You tail-slap Menkaure.
Menkaure is lightly damaged.
Menkaure points at you and mumbles some strange words.
Pain shoots through your body!
* * * LOW HITPOINT WARNING * * *
You block Menkaure's attack.
You hit Menkaure. You tail-slap Menkaure.
Menkaure is heavily damaged.
Menkaure hits you!
You die...

#>#.##.####†.#####.
#.#.##.#
#.#########
#...##.#
#......#..#
#..###.#
#......#..+ #######
#.. #.# #......#
#...... #..
#......# ####.## #.
#......# ##.##
#......# #...#
##h###### ###...#
#M....#gh #......
#.....#.. #..>...
#.....# #......
#.?...+ ###...#
#.....# #####...#
####### #......#.
######..# #.#.


You could see Menkaure.

Vanquished Creatures
  Sigmund (D:2)
  A wyvern (D:4)
  A black bear (D:4)
  A phantom (D:4)
  2 brain worms (Sewer)
  A bombardier beetle (D:4)
  Jessica (D:2)
  An iguana (D:3)
  An orc wizard (D:4)
  Robin (D:2)
  3 gnolls (D:3)
  4 river rats
  9 adders
  A ribbon worm (D:3)
  3 dart slugs
  4 orcs
  7 endoplasms
  2 giant cockroaches
  3 hobgoblins
  7 jackals
  2 kobolds
  A quokka (D:2)
  11 ball pythons
  3 bats (D:1)
  5 frilled lizards
  20 goblins
  10 rats
106 creatures vanquished.

Vanquished Creatures (others)
  An orc wizard (D:4)
1 creature vanquished.

Grand Total: 107 creatures vanquished

Notes
Turn   | Place    | Note
-------+----------+-------------------------------------------
     0 | D:1      | Chiseanne the Demonspawn Shapeshifter began the quest for
                  | the Orb.
     0 | D:1      | Reached XP level 1. HP: 15/15 MP: 1/1
     0 | D:1      | Chiseanne: GREAT GAME!!! REALLY!!! WHEN YOU NEVER GET THE
                  | CHANCE TO SCROE THIS IS JUST THE DUMBEST SHIT EVER
     0 | D:1      | Chiseanne: YOU RIGIT DEVELOPEMENT DESTROYED THE GAME THAT
                  | WAS ALREADY TOO HARD YOU MORONS
   100 | D:1      | Chiseanne: YOU ARE THE WORST GAME DEVS EVER!!!
   168 | D:1      | Discovered your monstrous ancestry.
   168 | D:1      | Gained mutation: You have a small tail. [demonic ancestry]
   168 | D:1      | Reached XP level 2. HP: 20/21 MP: 2/2
   560 | D:1      | Gained mutation: Your demonic aura sometimes causes spilled
                  | blood to erupt in flames. [demonic ancestry]
   560 | D:1      | Reached XP level 3. HP: 12/27 MP: 3/3
   685 | D:2      | Noticed Sigmund
   749 | D:2      | Killed Sigmund
   750 | D:2      | Reached XP level 4. HP: 35/35 MP: 4/4
   750 | D:2      | Reached XP level 5. HP: 41/41 MP: 5/5
   840 | D:2      | Noticed Jessica
   848 | D:2      | Killed Jessica
  1184 | D:2      | Noticed Robin
  1192 | D:2      | Gained mutation: You have a pair of small antennae on your
                  | head. [demonic ancestry]
  1192 | D:2      | Reached XP level 6. HP: 34/47 MP: 6/6
  1362 | D:2      | Killed Robin
  1566 | D:2      | Found a shimmering altar of Xom.
  1769 | D:3      | Found a glowing drain.
  1808 | Sewer    | Entered a sewer
  2414 | D:3      | Reached XP level 7. HP: 47/54 MP: 7/7
  2765 | D:3      | Found a hide-covered altar of Uskayaw.
  3211 | D:4      | Noticed a wyvern
  3224 | D:4      | Killed a wyvern
  3225 | D:4      | Reached skill level 1 in Shields
  3341 | D:4      | Found Lewau's Fire Supplies.
  3399 | D:4      | Found Niassiho's Magic Scroll Shop.
  3691 | D:4      | Found a staircase to the Ecumenical Temple.
  3712 | D:4      | Reached skill level 5 in Fighting
  3724 | Temple   | Entered the Ecumenical Temple
  4042 | D:4      | Reached skill level 5 in Shapeshifting
  4102 | D:4      | Noticed Menkaure
  4109 | D:4      | Slain by Menkaure

Illustrated notes

Levels and vault maps discovered:
D:1:      scummos_arrival_simple_crosswalls, layout_basic
D:2:      layout_loops_ring, basic_altar, chequers_serial_rivers_marsh,
          chequers_serial_rivers_micro_a, uniq_jessica, uniq_robin, uniq_sigmund
D:3:      layout_loops_cross, nicolae_elyvilon_peaceful_grove,
          mainiacjoe_overflow_concentric_impassable,
          cheibrodos_sewer_entry_sluice, minmay_crystal_room
D:4:      minmay_clustersquares, layout_loops_ring,
          minmay_temple_entry_gardened_gates, minmay_crystal_water,
          serial_bayou_ford_a, amcnicky_mini_rare_corridor_liquid,
          serial_park_tiny_2, nicolae_shop_fire_sale [nicolae_sub_dead_trees],
          nicolae_inconvenience_store, uniq_menkaure
Temple:   eino_temple_lava

Skill      XL: |  1  2  3  4  5  6  7 |
---------------+----------------------+-----
Dodging        | 2 3 4 |  4.8
Shapeshifting  | 3 4 5 |  5.0
Fighting       | 3 4 5 |  5.1
Shields        | 1 |  1.9
Unarmed Combat | |  2.6

Action                     |  1- 3 |  4- 6 |  7- 9 || total
---------------------------+-------+-------+-------++-------
  Melee: Unarmed           |    69 |   166 |   119 ||   354
         Tailslap          |     7 |    23 |    16 ||    46
         Punch             |       |     7 |     2 ||     9
    Use: Scroll            |     5 |     3 |     2 ||    10
         Potion            |     1 |     1 |     1 ||     3
   Stab: Sleeping          |     1 |     2 |     1 ||     4
 Armour: Animal skin       |    42 |     2 |       ||    44
         Skin              |     2 |     5 |       ||     7
         Robe              |       |    76 |    90 ||   166
  Dodge: Dodged            |    44 |   119 |    40 ||   203
  Block: Tower shield      |       |       |    68 ||    68
   Form: Beast             |     1 |       |       ||     1
